Cogmind - Beta 11 @@@ ROGUE MODE // 2022.04.02 @ 17:41:28 Player: Shadow Pussy wanter Result: Destroyed by G-47 Trooper with Particle Gun Performance ------------- Evolutions (2) 1000 Regions Visited (5) 1000 Robots Destroyed (30) 150 Value Destroyed (866) 866 Prototype IDs (23) 460 Alien Tech Used (0) 0 Bonus (300) 300 TOTAL SCORE: 3776 Bonus ------- Aligned with FarCom 300 Cogmind --------- Core Integrity 0/550 Matter 198/300 Energy 99/100 System Corruption 1% Temperature Cool (27) Movement Core (50) Location -8/Materials Parts ------- > --- POWER (1) -------- (None) > --- PROPULSION (4) --- (None) > --- UTILITY (4) ------ (None) > --- WEAPON (2) ------- (None) > --- INVENTORY (5) ---- Cesium-ion Thruster Cesium-ion Thruster Cesium-ion Thruster Bore Cannon Improved Grenade Launcher Peak State ------------ > --- POWER ------------ Light Deuterium Engine > --- PROPULSION ------- Improved Titanium Leg Improved Titanium Leg Improved Titanium Leg Improved Titanium Leg > --- UTILITY ---------- Medium Storage Unit Improved Light Armor Plating > --- WEAPON ----------- High-powered Shotgun High-powered Shotgun > --- INVENTORY -------- Aluminum Leg Cesium-ion Thruster Cesium-ion Thruster Small Storage Unit Improved Terrain Scanner Terrain Scan Processor High-powered Shotgun High-powered Shotgun Bore Cannon Grenade Launcher [Rating: 31] Favorites ----------- Power Ion Engine Engine Ion Engine Propulsion Improved Titanium Leg Treads Light Treads Leg Improved Titanium Leg Wheel Compact Wheel Flight Unit Cesium-ion Thruster Utility Improved Terrain Scanner Device Improved Terrain Scanner Storage Medium Storage Unit Protection Improved Light Armor Plating Weapon Light Assault Rifle Energy Gun EM Pulse Gun Ballistic Gun Light Assault Rifle Launcher Grenade Launcher Build | -11 -10 -10 -10 -9 -8 ------- Run | Scr Mat Min Exi Min Mat Slots Evolved 4 | . . . . . 4 Power . | . . . . . . Propulsion 2 | . . . . . 2 Utility 2 | . . . . . 2 Weapon . | . . . . . . Parts Attached 35 | 7 . 2 1 10 15 Power 4 | 1 . . . 2 1 Engine 4 | 1 . . . 2 1 Core . | . . . . . . Reactor . | . . . . . . Propulsion 14 | 2 . 1 . 3 8 Treads 2 | 1 . . . 1 . Leg 8 | . . . . 2 6 Wheel 2 | 1 . 1 . . . Hover . | . . . . . . Flight 2 | . . . . . 2 Utility 4 | 2 . . 1 . 1 Device 1 | 1 . . . . . Storage 2 | 1 . . 1 . . Processor . | . . . . . . Hackware . | . . . . . . Protection 1 | . . . . . 1 Artifact . | . . . . . . Weapon 13 | 2 . 1 . 5 5 Energy Gun 3 | 2 . . . 1 . Energy Cannon . | . . . . . . Ballistic Gun 6 | . . 1 . 2 3 Ballistic Cannon . | . . . . . . Launcher 4 | . . . . 2 2 Special Weapon . | . . . . . . Impact Weapon . | . . . . . . Slashing Weapon . | . . . . . . Piercing Weapon . | . . . . . . Special Melee Weapon . | . . . . . . Unidentified Prototypes . | . . . . . . Parts Lost 13 | . . 2 . 8 3 Power 3 | . . . . 2 1 Propulsion 4 | . . 1 . 3 . Utility 2 | . . . . 1 1 Weapon 4 | . . 1 . 2 1 Highest Loss Streak 3 | . . 2 . 3 2 To Critical Strikes . | . . . . . . Average Slot Usage (%) 88 | . 100 97 100 92 68 Engine 12 | . 14 14 14 13 7 Treads 8 | . 14 14 14 9 . Leg 13 | . . . . 15 29 Wheel 5 | . 14 13 14 2 . Device 8 | . 14 14 14 10 . Storage 12 | . 14 14 14 14 7 Protection 1 | . . . . . 6 Energy Gun 10 | . 28 20 14 8 . Ballistic Gun 12 | . . 6 14 16 15 Naked Turns 58 | . . . . . 58 Heaviest Build 24 | 15 15 15 19 19 24 Greatest Support 80 | 10 10 16 16 20 80 Greatest Overweight (x) 4 | 4 1 4 1 4 2 Average Overweight (x) . | 1 1 . . . . Largest Inventory Capacity 10 | 8 8 8 10 10 10 Average Capacity 9 | 6 8 8 8 10 9 Most Carried 10 | 6 7 8 7 10 10 Average Carried 7 | 3 6 6 6 8 9 Final Capacity 10 | 8 8 8 10 10 5 Final Carried 10 | 6 7 6 7 10 5 Class Distribution -------------------- 86% | Mutant 13% | Skirmisher Dominant Class ---------------- Mutant | -10/Materials Mutant | -10/Mines Mutant | -10/Exiles Mutant | -9/Mines Mutant | -8/Materials Resources | -11 -10 -10 -10 -9 -8 ----------- Run | Scr Mat Min Exi Min Mat Matter Collected 704 | 121 . 161 . 198 224 Remotely . | . . . . . . Salvage Created 1014 | 18 . 392 . 374 230 Parts 50 | 4 . 22 . 13 11 Haulers Intercepted . | . . . . . . Recyclers Shooed 1 | . . 1 . . . Parts Field Recycled . | . . . . . . Retrieved Matter . | . . . . . . Parts Self-Destructed . | . . . . . . Prevented . | . . . . . . Kills | -11 -10 -10 -10 -9 -8 ------- Run | Scr Mat Min Exi Min Mat Combat Hostiles Destroyed 30 | . . 6 . 16 8 Guns 20 | . . 6 . 12 2 AOE 10 | . . . . 4 6 Classes Destroyed 8 | 1 . 3 . 2 2 Worker 2 | . . 1 . 1 . Tunneler 1 | 1 . . . . . Recycler 3 | . . 1 . 2 . Watcher 1 | . . . . . 1 Swarmer 7 | . . . . 7 . Grunt 15 | . . 6 . 2 7 Sentry 1 | . . . . . 1 Assembled 7 | . . . . 7 . Best Kill Streak 7 | 1 . 4 . 7 6 Combat Bots Only 6 | . . 2 . 4 6 Max Kills in Single Turn 3 | 1 . 2 . 3 3 Gunslinging . | . . . . . . Exploded 3 | . . . . 3 3 Melee . | . . . . . . Uniques/NPCs Destroyed . | . . . . . . Combat | -11 -10 -10 -10 -9 -8 -------- Run | Scr Mat Min Exi Min Mat Damage Taken 2375 | . . 427 . 635 1313 Core 778 | . . 82 . 143 553 Absorbed by Shields . | . . . . . . Core Remaining (%) 55 | 100 . . . 10 . Volleys Fired 129 | 3 . 25 . 76 25 Largest 2 | 2 . 2 . 2 2 Hottest 80 | 80 . 80 . 60 50 Shots Fired 195 | 6 . 40 . 105 44 Gun 185 | 6 . 40 . 101 38 Cannon . | . . . . . . Launcher 10 | . . . . 4 6 Special . | . . . . . . Kinetic 133 | . . 7 . 88 38 Thermal 9 | . . . . 9 . Explosive 10 | . . . . 4 6 Electromagnetic 43 | 6 . 33 . 4 . Robot Hit Streak 10 | 1 . 10 . 7 7 Robot Miss Streak 9 | 4 . 2 . 4 9 Penetration Max . | . . . . . . Secondary Targets 1 | . . 1 . . . Max Gunslinging Chain 1 | . . 1 . . . Shots Hit Robots 121 | 1 . 30 . 64 26 Core Hits 78 | 1 . 18 . 35 24 Critical Kills 1 | . . . . 1 . Critical Parts Destroyed . | . . . . . . Critical Strikes 2 | . . 1 . 1 . Destroy 1 | . . . . 1 . Corrupt 1 | . . 1 . . . Melee Attacks . | . . . . . . Impact . | . . . . . . Slashing . | . . . . . . Piercing . | . . . . . . Sneak Attacks . | . . . . . . Combat Hostiles . | . . . . . . Follow-up Attacks . | . . . . . . Damage Inflicted 2479 | 13 . 445 . 711 1310 Guns 1317 | 13 . 377 . 512 415 Cannons . | . . . . . . Explosions 1121 | . . 64 . 199 858 Melee . | . . . . . . Ramming 41 | . . 4 . . 37 Kinetic 908 | . . 55 . 438 415 Thermal 111 | . . 64 . 47 . Explosive 1057 | . . . . 199 858 Electromagnetic 362 | 13 . 322 . 27 . Impact . | . . . . . . Slashing . | . . . . . . Piercing . | . . . . . . Highest Corruption 1 | . . . . . 1 Average Corruption 1 | . . . . . 1 Corruption Purged . | . . . . . . Corruption Blocked . | . . . . . . Overload Shots . | . . . . . . Overflow Damage 63 | . . 31 . 32 . Projectiles . | . . . . . . Explosions 63 | . . 31 . 32 . Melee . | . . . . . . Knockbacks . | . . . . . . Impact . | . . . . . . Kinetic . | . . . . . . Secondary . | . . . . . . Self-Inflicted Damage 130 | . . 40 . 76 14 Shots 4 | . . 1 . 3 . Rammed 8 | . . 1 . . 7 Targets Rammed 10 | . . 1 . . 9 Kicked 2 | . . . . . 2 Crushed . | . . . . . . Highest Temperature 177 | 54 . 177 . 49 33 Average Temperature 48 | 28 . 83 . 19 11 Received Heat Transfer 1342 | . . 273 . 349 720 Siege Activations . | . . . . . . Robots Corrupted . | . . . . . . Combat Hostiles . | . . . . . . Parts Fried 2 | . . 2 . . . Impact Corruptions . | . . . . . . Robots Melted . | . . . . . . Combat Hostiles . | . . . . . . Parts Melted . | . . . . . . Heat Transferred 200 | . . 100 . 100 . Parts Sabotaged . | . . . . . . Parts Stolen . | . . . . . . Parts Stripped . | . . . . . . Power Chain Reactions 1 | . . 1 . . . Missiles Intercepted . | . . . . . . Alert | -11 -10 -10 -10 -9 -8 ------- Run | Scr Mat Min Exi Min Mat Peak Influence 390 | 5 3 170 . 190 390 Initial 27 | . 3 . . . 27 Average 114 | . 3 91 . 92 196 Maximum Alert Level 1 | . . . . . 1 Low Security (%) 85 | 100 100 100 . 100 49 Level 1 14 | . . . . . 50 Level 2 . | . . . . . . Level 3 . | . . . . . . Level 4 . | . . . . . . Level 5 . | . . . . . . High Security . | . . . . . . Max Security . | . . . . . . Squads Dispatched 4 | . . . . . 4 Investigation . | . . . . . . Extermination . | . . . . . . Reinforcement 4 | . . . . . 4 Assault . | . . . . . . Garrison . | . . . . . . Intercept . | . . . . . . Searches Triggered . | . . . . . . Construction Impeded . | . . . . . . Haulers Reinforced . | . . . . . . Active Scanning Responses . | . . . . . . Cargo Convoy Interrupts . | . . . . . . Stealth | -11 -10 -10 -10 -9 -8 --------- Run | Scr Mat Min Exi Min Mat Distress Signals 5 | . . . . 1 4 Communications Jammed . | . . . . . . Distress Signals . | . . . . . . Times Spotted 75 | . . 7 . 23 45 Peak Tracking Total 16 | . . 2 . 5 16 Tactical Retreats 7 | . . 1 . 3 3 Traps | -11 -10 -10 -10 -9 -8 ------- Run | Scr Mat Min Exi Min Mat Traps Triggered 1 | . . . . . 1 Indirectly . | . . . . . . Trap Hack Attempts . | . . . . . . Triggered . | . . . . . . Disarmed . | . . . . . . Reprogrammed . | . . . . . . Reused . | . . . . . . Traps Extracted . | . . . . . . Installed . | . . . . . . Triggered . | . . . . . . Machines | -11 -10 -10 -10 -9 -8 ---------- Run | Scr Mat Min Exi Min Mat Machines Disabled 4 | . . . . . 4 Max in Single Turn 3 | . . . . . 3 Garrison Access 1 | . . . . . 1 Machines Sabotaged . | . . . . . . Garrisons Compromised . | . . . . . . Overloaded Fab Kills . | . . . . . . Hacking | -11 -10 -10 -10 -9 -8 --------- Run | Scr Mat Min Exi Min Mat Machines Accessed 4 | . 1 1 1 . 1 Terminals 2 | . 1 1 . . . Fabricators . | . . . . . . Repair Stations . | . . . . . . Recycling Units . | . . . . . . Scanalyzers . | . . . . . . Garrison Access 1 | . . . . . 1 Total Hacks 7 | . 3 2 1 . 1 Successful 4 | . 1 1 1 . 1 Failed 3 | . 2 1 . . . Catastrophic . | . . . . . . Database Lockouts . | . . . . . . Manual 6 | . 3 2 1 . . Terminals 5 | . 3 2 . . . Fabricators . | . . . . . . Repair Stations . | . . . . . . Recycling Units . | . . . . . . Scanalyzers . | . . . . . . Garrison Access 1 | . . . . . 1 Terminal Hacks 2 | . . 1 1 . . Zone Layout 1 | . . 1 . . . EX-Prototype ID Bank 1 | . . . 1 . . Fabricator Hacks . | . . . . . . Repair Station Hacks . | . . . . . . Recycling Unit Hacks . | . . . . . . Scanalyzer . | . . . . . . Garrison Access Hacks 1 | . . . . . 1 Seal Access 1 | . . . . . 1 Unauthorized Hacks 1 | . 1 . . . . Terminals 1 | . 1 . . . . Botnet 1 | . 1 . . . . Fabricators . | . . . . . . Repair Stations . | . . . . . . Recycling Units . | . . . . . . Scanalyzers . | . . . . . . Garrison Access . | . . . . . . Data Cores Recovered . | . . . . . . Used . | . . . . . . Hacking Detections 1 | . 1 . . . . Full Trace Events . | . . . . . . Feedback Events . | . . . . . . Feedback Blocked . | . . . . . . Robot Schematics Acquired . | . . . . . . Robots Built . | . . . . . . Authchips . | . . . . . . Time . | . . . . . . Total Robot Build Rating . | . . . . . . Part Schematics Acquired . | . . . . . . Parts Built . | . . . . . . Authchips . | . . . . . . Time . | . . . . . . Total Part Build Rating . | . . . . . . Parts Repaired . | . . . . . . Time . | . . . . . . Parts Recycled . | . . . . . . Recycled Matter . | . . . . . . Retrieved Matter . | . . . . . . Retrieved Components . | . . . . . . Parts Scanalyzed . | . . . . . . Part Schematics Acquired . | . . . . . . Parts Damaged . | . . . . . . Bothacking | -11 -10 -10 -10 -9 -8 ------------ Run | Scr Mat Min Exi Min Mat Used RIF Installer . | . . . . . . Robots Hacked . | . . . . . . Non-combat . | . . . . . . Combat . | . . . . . . Robot Hacks Applied . | . . . . . . Relay Couplers Released . | . . . . . . Fabnet Peak Effective % . | . . . . . . Robots Rewired . | . . . . . . Allies Hacked . | . . . . . . Hacks Repelled . | . . . . . . Allies | -11 -10 -10 -10 -9 -8 -------- Run | Scr Mat Min Exi Min Mat Total Allies . | . . . . . . Largest Group . | . . . . . . Highest-Rated Group . | . . . . . . Highest-Rated Ally . | . . . . . . Total Orders . | . . . . . . Ally Attacks . | . . . . . . Total Damage . | . . . . . . Kills . | . . . . . . Allies Corrupted . | . . . . . . Allies Melted . | . . . . . . Intel | -11 -10 -10 -10 -9 -8 ------- Run | Scr Mat Min Exi Min Mat Robot Analysis Total . | . . . . . . Derelict Logs Recovered 4 | . . 2 . 2 . Drone Launches . | . . . . . . Drone Recoveries . | . . . . . . Exploration | -11 -10 -10 -10 -9 -8 ------------- Run | Scr Mat Min Exi Min Mat Turns Passed 2001 | 77 89 412 229 673 521 Spaces Moved 1389 | 45 93 320 224 327 380 Core 146 | 31 . 8 . 5 102 Treads 195 | . . . . 195 . Legs 388 | . . . . 110 278 Wheels 660 | 14 93 312 224 17 . Hover . | . . . . . . Flight . | . . . . . . Fastest Speed 50 | 50 95 95 100 115 50 Average Speed 113 | 115 95 101 101 145 108 Slowest Speed 260 | 250 95 250 115 250 260 Overloaded Moves . | . . . . . . Propulsion Burnouts . | . . . . . . Robots Hopped . | . . . . . . Cave-ins Triggered . | . . . . . . Exploration Rate (%) 44 | 4 20 66 60 71 46 Regions Visited 5 Branch Regions 3 Pre-discovered Areas 2 | . . 1 . 1 . Known Exits Taken 2 | . . . 1 1 . Unknown Exits Taken 3 | 1 1 1 . . . Scrap Searched 2 | . . . . 2 . Spaces Dug . | . . . . . . Terrain Destroyed 105 | . . 3 . 43 59 Melee . | . . . . . . Projectile . | . . . . . . AOE 105 | . . 3 . 43 59 Terrain Rammed . | . . . . . . Walls Destroyed . | . . . . . . Machines Disabled . | . . . . . . Actions | -11 -10 -10 -10 -9 -8 --------- Run | Scr Mat Min Exi Min Mat Total 1626 | 61 93 368 224 435 445 Wait 35 | . . 20 . 12 3 Move 1384 | 44 92 319 223 326 380 Hop . | . . . . . . Pick Up 22 | 7 1 1 . 10 3 Fast Attach 11 | 6 . . . 1 4 Attach 9 | 1 . 2 . 6 . Detach . | . . . . . . Swap 15 | . . . 1 3 11 Drop 11 | . . . . 1 10 Fire 129 | 3 . 25 . 76 25 Melee . | . . . . . . Ram 8 | . . 1 . . 7 Kick 2 | . . . . . 2 Crush . | . . . . . . Escape Stasis . | . . . . . . Rewire . | . . . . . . Trap . | . . . . . . Miscellaneous . | . . . . . . Route ------- -11/Scrapyard -10/Materials -10/Mines (discovered 2 exits: [*Mat] / *Exi) -10/Exiles (discovered 2 exits: *Min x2) -9/Mines -8/Materials (discovered 1 exit: [*Fac]) History --------- Turn | Location | Event 16 | -11/Scrapyard | Discovered new exit (range 14) 78 | -11/Scrapyard | Entered Materials 135 | -10/Materials | Discovered new exit (range 16) 167 | -10/Materials | Entered Mines 305 | -10/Mines | Build established: Mutant 435 | -10/Mines | Discovered new exit (range 3) 574 | -10/Mines | Deemed a non-threat by the Exiles lab entrance 575 | -10/Mines | Discovered new exit (range 5) 579 | -10/Mines | Entered Exiles 580 | -10/Exiles | Identified exit to Mines 606 | -10/Exiles | Met 8R-AWN 623 | -10/Exiles | Met EX-HEX 653 | -10/Exiles | Met EX-BIN 666 | -10/Exiles | Aligned with FarCom system 667 | -10/Exiles | Given EX-Vault access code 691 | -10/Exiles | Opened EX-Vault 713 | -10/Exiles | Warned to stay clear of 0b10 Research branches 732 | -10/Exiles | Exiles lab attacked by MAIN.C 808 | -10/Exiles | Entered Mines 862 | -9/Mines | Core integrity fell below 50% 884 | -9/Mines | Lost 3 parts (1p1n1w) 922 | -9/Mines | Core integrity fell below 20% 1004 | -9/Mines | Assembled infested the area 1009 | -9/Mines | Assisted by a Guerilla fighting off Assembled 1079 | -9/Mines | Learned location of Zion (-7) 1326 | -9/Mines | Lost 3 parts (1n1u1w) 1417 | -9/Mines | Identified exit to Materials 1481 | -9/Mines | Entered Materials 1481 | -8/Materials | Evolved 4 slots: Propulsion x2, Utility x2 1944 | -8/Materials | Released all parts (7) 1992 | -8/Materials | Core integrity fell below 50% 1996 | -8/Materials | Discovered new exit (range 13) 1999 | -8/Materials | Core integrity fell below 20% 2002 | -8/Materials | Destroyed by G-47 Trooper with Particle Gun Last Messages --------------- 01960_ O-16 Technician locks terminal. 01971_ O-16 Technician: "IFF HANDSHAKE FAILED. SECURING TERMINAL." 01977_ ALERT: Hostiles spotted, dispatching reinforcements to Terminal M012. 01982_ O-16 Technician sends out distress signal. 01982_ O-16 Technician: "IFF HANDSHAKE FAILED. SECURING TERMINAL." 01988_ ALERT: Suspicious intruders detected, dispatching Cutter reinforcements to area. 01990_ O-16 Technician uses terminal to summon reinforcements. 01990_ ALERT: Hostiles spotted, dispatching reinforcements to Terminal M011. 01990_ O-16 Technician locks terminal. 01991_ Slammed into U-05 Engineer. 01995_ Slammed into G-47 Trooper. 01996_ EXIT=FOUND 01997_ Slammed into G-47 Trooper. 01998_ Slammed into C-17 Slicer. 01998_ C-17 Slicer destroyed. 01999_ Acquired 20 matter. 02000_ A-02 Transporter destroyed. Map ----- +----------------------------------------------------+ | """ ? ????????????????????????????????????? | | """ ? ????????????????????????????????????? | | ?? ?# #????????????????????????????????????? | | ?????# #????????????????????????????????????? | | ?????# #????????????????????????????????????? | | ?????# #????????????????????????????????????? | | ?????# #????????????????????????????????????? | | ?????# #????????????????????????????????????? | | ###### ########?????????????????????????????? | | #?????????????????????????????? | | #?????????????????????????????? | | #?????????????????????????????? | | ############# #?????????????????????????????? | | ????????????# #?????????????????????????????? | | ????????????# #?????????????????????????????? | | ????????????# #?????????????????????????????? | | ????????????# #?????????????????????????????? | | ????????????+ #??????????????#??????????????? | | ????????????# #????????????? #??????????????? | | ????????????# g#??????????o?? #??????????????? | | ????????????# g #???????????? #??????????????? | | ????????????# g #??????????? #??????????????? | | ???????????## ##????????? ????????????????? | | ???????????# ##########/####??????????????? | | ???????????#/ o g /%/=g #??????????????? | | ???????????# T g = c/@ g< #??????????????? | | ???????????# g g #??????????????? | | ???????????# ######## #??????????????? | | ???????????#######??????# #??????????????? | | ????????????????????????#!!//]]#??????????????? | | ????????????????????????#!!//]]#??????????????? | | ?????????????????????????#######??????????????? | | ??????????????????????????????????????????????? | | ??????????????????????????????????????????????? | | ??????????????????????????????????????????????? | | | | | | | | | | | | | | | | | | | | | | | | | | | | | | | +----------------------------------------------------+ Best States ------------- Heat Dissipation 31 Energy Generation 14 Energy Capacity 250 Matter Stores 300 Matter Capacity 300 Sight Range 16 Terrain Scan Range 16 Terrain Scan Density 10 Armor Coverage 150 Evasion (%) 55 Recoil Reduction 1 Item Schematics ----------------- None Robot Schematics ------------------ None Fabricated ------------ Nothing Alien Tech Used ----------------- None Achievements -------------- None Challenges ------------ None Game ------ Seed SapperExplosiveCarapace Manual? 0 Play Time 00:20:11 Cumulative 55.2 hours Start 2022.04.02 @ 17:26:06 End 2022.04.02 @ 17:41:28 Sessions 1 Manual Loads 0 Difficulty Rogue Special Mode None Game No. 91 Rogue 91 Adventurer 0 Explorer 0 Win Type - Total 0 Types 0/0/0/0/0/0/0/0/0 Lore% 37 Gallery% 48 Achievement% 32 Wizard Run 0 Options --------- ASCII 0 Keyboard 0 Movement Numpad Keybinds 0 Fullscreen 1 Font 18/SmallcapsGlow Map View 76x50 Tactical HUD 1 Map Filters NONE Filters NONE Steam 1 RUN: d9309df7-38e1-40bf-92f0-e95ba900f8e8